 Dungeon Crawl Stone Soup version 0.27.1-1-g398f81649c (webtiles) character file.

Game seed: 12175684191627790795

18 lesonaxe the Caller (level 2, 0/20 HPs)
             Began as a Hill Orc Summoner on Sept 16, 2021.
             Slain by a kobold (3 damage)
             ... on level 2 of the Dungeon.
             The game lasted 00:04:59 (1614 turns).

lesonaxe the Caller (Hill Orc Summoner)             Turns: 1614, Time: 00:05:00

Health: 0/20       AC:  3    Str: 10    XL:     2   Next: 66%
Magic:  4/4        EV: 11    Int: 15    God:
Gold:   58         SH:  0    Dex: 11    Spells: 4/4 levels left

rFire    . . .     SeeInvis .   d - +0 whip
rCold    . . .     Faith    .   (no shield)
rNeg     . . .     Spirit   .   e - +0 leather armour
rPois    .         Reflect  .   (no helmet)
rElec    .         Harm     .   (no cloak)
rCorr    .         Rampage  .   (no gloves)
Will     .....                  (no boots)
Stlth    +.........             (no amulet)
HPRegen  0.06/turn              (no ring)
MPRegen  0.09/turn              (no ring)

@: no status effects
A: no striking features
a: no special abilities


You were on level 2 of the Dungeon.
You visited 1 branch of the dungeon, and saw 2 of its levels.

You collected 58 gold pieces.

Inventory:

Hand Weapons
 c - a +0 short sword
 d - a +0 whip (weapon)
Missiles
 b - 5 boomerangs (quivered)
Armour
 a - a +0 robe
 e - a +0 leather armour (worn)
 f - a +0 plate armour


   Skills:
 + Level 0.9 Armour
 + Level 1.8 Dodging
 + Level 1.6 Stealth
 + Level 0.2 Unarmed Combat
 + Level 1.5 Spellcasting
 + Level 4.3 Summonings


You had 4 spell levels left.
You didn't know any spells.
Your spell library contained the following spells:

 Spells                   Type           Power      Damage    Failure   Level
 Summon Small Mammal      Summ           56%        N/A       5%          1
 Call Imp                 Summ           14%        N/A       9%          2
 Call Canine Familiar     Summ           14%        N/A       16%         3
 Summon Guardian Golem    Hex/Summ       7%         N/A       36%         3
 Tukima's Dance           Hex            1%         N/A       67%         3
 Summon Lightning Spire   Summ/Air       7%         N/A       78%         4
 Passage of Golubria      Tloc           N/A        N/A       97%         4
 Yara's Violent Unravell  Hex/Tmut       0%         3d3       100%        5


Dungeon Overview and Level Annotations

Branches:
Dungeon (2/15)

Altars:


Message History

You miss the quokka.
The kobold shouts!
The bat hits you but does no damage.
The quokka bites you but does no damage.
A hobgoblin comes into view.
You closely miss the quokka. The quokka closely misses you.
The bat hits you but does no damage.
You closely miss the quokka. The bat hits you but does no damage.
The quokka bites you but does no damage.
The kobold closely misses you. The quokka barely misses you.
f - a +0 plate armour The bat hits you but does no damage.
The kobold hits you with a +0 whip. The quokka bites you.
The hobgoblin shouts!
You hit the quokka.
The quokka is lightly wounded.
The bat hits you but does no damage.
The quokka bites you but does no damage.
The kobold hits you but does no damage.
You miss the quokka.
The quokka is lightly wounded.
The bat hits you but does no damage.
The quokka bites you but does no damage.
The kobold hits you with a +0 whip. The bat barely misses you.
You miss the quokka.
The quokka is lightly wounded.
The quokka bites you.
* * * LOW HITPOINT WARNING * * *
The kobold hits you with a +0 whip.
* * * LOW HITPOINT WARNING * * *
The quokka bites you but does no damage.
You barely miss the quokka.
The quokka is lightly wounded.
The kobold barely misses you. The quokka completely misses you.
You closely miss the quokka.
The quokka is lightly wounded.
The quokka bites you but does no damage.
The kobold barely misses you. The hobgoblin closely misses you.
The bat misses you. The kobold hits you with a +0 whip.
You die...

...## ###. #.# ...#
..... ... ..# #.#.# >..
. .....#...... ...
..##..#.#.#.#.# #.#
....#.#.....# #.#
##........### #<#
#...Kgb.....! #.# #..
#@# #.# #.. #r#
#.####.###. #.r #.#
#........^. #.. #.#
#######.###
.####..##.####### #.#
B...............# #.#
###############.######.#
#........# ##########


You could see a quokka, a hobgoblin, a bat and a kobold.

Vanquished Creatures
  2 ball pythons (D:1)
  2 endoplasms
  3 hobgoblins (D:1)
  2 quokkas (D:1)
  2 bats (D:1)
  A frilled lizard (D:1)
  2 kobolds (D:1)
  2 rats (D:1)
16 creatures vanquished.

Notes
Turn   | Place    | Note
-------+----------+-------------------------------------------
     0 | D:1      | lesonaxe the Hill Orc Summoner began the quest for the Orb.
     0 | D:1      | Reached XP level 1. HP: 14/14 MP: 3/3
   592 | D:1      | Reached XP level 2. HP: 12/20 MP: 4/4
  1614 | D:2      | Slain by a kobold

Illustrated notes

Levels and vault maps discovered:
D:1:      minmay_arrival_semitransparent, layout_basic, interstate_on_off
D:2:      layout_loops_ring, dilly_ecumenical_altar_fadedgnrine, uniq_sigmund

Action                   || total
-------------------------++-------
Melee: Unarmed           ||    16
       Short sword       ||    34
       Whip              ||    12
 Cast: Summon Small Mamm ||     1
  Use: Scroll            ||     2
Armor: Robe              ||     3
       Leather armour    ||    67
Dodge: Dodged            ||   114
